 Dungeon Crawl Stone Soup version 0.28-a0-1594-ga885d4b3d6 (webtiles) character file.

Game seed: 12746029459883449314

119 glarfugus the Skirmisher (level 5, -2/33 HPs)
             Began as a Gargoyle Berserker on Jan 20, 2022.
             Was a Believer of Trog.
             Killed by divine providence
             ... invoked by an orc priest
              (15 damage)
             ... on level 3 of the Dungeon.
             The game lasted 00:18:35 (1627 turns).

glarfugus the Skirmisher (Gargoyle Berserker)       Turns: 1627, Time: 00:18:36

Health: -2/33      AC:  9    Str: 23    XL:     5   Next: 3%
Magic:  5/5        EV: 11    Int:  7    God:    Trog [**....]
Gold:   76         SH:  0    Dex:  9    Spells: 4/4 levels left

rFire   . . .      SeeInvis .   g - +0 long sword (holy)
rCold   . . .      Faith    .   (no shield)
rNeg    + . .      Spirit   .   d - +0 ring mail
rPois   ∞          Reflect  .   (no helmet)
rElec   +          Harm     .   (no cloak)
rCorr   .          Rampage  .   (no gloves)
Will    .....                   (no boots)
Stlth   ..........              (no amulet)
HPRegen 0.11/turn               c - ring of poison resistance
MPRegen 0.09/turn               (no ring)

@: on berserk cooldown, slowed, very slow
A: sickness immunity, AC +4, negative energy resistance 1, electricity
resistance, torment resistance 1, petrification resistance
a: Renounce Religion, Berserk, Trog's Hand


You were on level 3 of the Dungeon.
You worshipped Trog.
Trog was pleased with you.
You visited 1 branch of the dungeon, and saw 3 of its levels.

You collected 76 gold pieces.

Inventory:

Hand Weapons
 a - a +0 mace
 f - a +0 dagger
 g - a +0 long sword of holy wrath (weapon)
 k - a +0 short sword
 m - a +0 club
 n - a +0 flail
 p - a +1 dagger of speed
Armour
 b - a +0 animal skin
 d - a +0 ring mail (worn)
 q - a +0 robe
Magical Staves
 e - a staff of air
Jewellery
 c - a ring of poison resistance (left hand)
Scrolls
 h - 3 scrolls of identify {unknown}
 i - a scroll of enchant armour {unknown}
 l - a scroll of blinking {unknown}
Potions
 j - a potion of resistance {unknown}
 o - a potion of degeneration {unknown}


   Skills:
 + Level 4.0 Fighting
 + Level 2.3 Long Blades
 + Level 3.5 Maces & Flails
 + Level 2.7 Armour
 + Level 1.9 Dodging


You had 4 spell levels left.
You didn't know any spells.
Your spell library contained the following spells:

 Spells                   Type           Power      Damage    Failure   Level
 Animate Skeleton         Necr           0%         N/A       58%         1
 Pain                     Necr           0%         1d4       58%         1
 Wereblood                Tmut           0%         N/A       73%         2
 Vampiric Draining        Necr           0%         2d6       91%         3
 Summon Hydra             Summ           0%         N/A       100%        7
 Sublimation of Blood     Necr           Unusable   N/A       N/A         2

Dungeon Overview and Level Annotations

Branches:
Dungeon (3/15)

Altars:


Innate Abilities, Weirdness & Mutations

You are immune to sickness and miasma.
Your stone body is resilient. (AC +4)
You are immune to poison.
You resist negative energy. (rN+)
You are resistant to electric shocks. (rElec)
You are resistant to unholy torment.
You are immune to petrification.


Message History

The orc priest mumbles some strange prayers to Beogh against you.
Beogh smites you!
* * * LOW HITPOINT WARNING * * *
You feel a strong urge to attack something.
You feel your anger nearly subside.
You are no longer berserk.
You are exhausted.
You feel yourself slow down. The orc hits you but does no damage.
The orc hits you but does no damage.
You feel the effects of Trog's Hand fading.
The orc closely misses you. The orc barely misses you.
You closely miss the orc. The orc hits you but does no damage. x2
You hit the orc but do no damage.
Your skin stops crawling.
You feel less strong-willed. The orc hits you with a +0 dagger. x2
You closely miss the orc. The orc hits you but does no damage.
The orc closely misses you.
You slash the orc!
The orc is almost dead.
The orc priest calls upon Beogh to heal the orc.
The orc is healed somewhat.
The orc hits you but does no damage. The orc barely misses you.
You hit the orc.
The orc is severely wounded.
The orc priest begins to cast a cantrip, but forgets the words!
The orc closely misses you. The orc hits you but does no damage.
You slash the orc!
You kill the orc!
Trog accepts your kill.
The orc priest invokes the aid of Beogh against you.
Beogh smites you!
You hit the orc priest.
The orc priest is moderately wounded.
The orc priest hits you with a +0 club. The orc priest closely misses you.
You hit the orc priest.
The orc priest is moderately wounded.
The orc priest mumbles some strange prayers to Beogh against you.
Beogh smites you!
You die...

########## #.†......#
######### #.######.#
#...@ooo# #.# ##.##
#.#####.# #.#
###.#.###.#####.###### #.#
#..###.....#.........# #.#
#.#.#.###..#.##o####.####...
#.# #.##.## #..#
#...o.o....... #.###.##.#
#..# ######.#######
#.##...#.# #..# ##...######.
#........# #.># #....o..o...


You could see an orc priest and 2 orcs.

Vanquished Creatures
  A water moccasin skeleton (D:3)
  3 adders
  A worm (D:2)
  An orc (D:3)
  2 ball pythons (D:2)
  5 endoplasms
  5 goblins
  5 hobgoblins
  2 jackals (D:2)
  2 kobolds
  A quokka (D:1)
  3 bats
  2 frilled lizards
  4 rats
37 creatures vanquished.

Notes
Turn   | Place    | Note
-------+----------+-------------------------------------------
     0 | D:1      | glarfugus the Gargoyle Berserker began the quest for the
                  | Orb.
     0 | D:1      | Reached XP level 1. HP: 14/14 MP: 1/1
   442 | D:1      | Reached XP level 2. HP: 19/19 MP: 2/2
   950 | D:2      | Reached XP level 3. HP: 18/24 MP: 3/3
   987 | D:2      | Reached ** piety under Trog
  1005 | D:2      | Reached skill level 1 in Long Blades
  1334 | D:2      | Found a faded altar of an unknown god.
  1339 | D:2      | Reached XP level 4. HP: 29/29 MP: 4/4
  1484 | D:3      | Reached skill level 4 in Fighting
  1515 | D:3      | Reached XP level 5. HP: 33/33 MP: 5/5
  1627 | D:3      | Killed from afar by an orc priest

Illustrated notes

Levels and vault maps discovered:
D:1:      erik_arrival_cave_to_civilisation [erik_arrival_cave_to_temple],
          layout_basic, chequers_jeans
D:2:      layout_loops_ring, hellmonk_ecumenical_altar_run_dry, basic_altar,
          grunt_ministairs_15
D:3:      layout_loops_ring

Skill      XL: |  1  2  3  4 |
---------------+-------------+-----
Long Blades    | 1 2 |  2.3
Fighting       | 4 |  4.0
Maces & Flails | |  3.5
Armour         | |  2.7
Dodging        | |  1.9

Action                   |  1- 3 |  4- 6 || total
-------------------------+-------+-------++-------
Melee: Mace              |    17 |       ||    17
       Long sword        |    65 |    26 ||    91
       Punch             |     1 |       ||     1
Invok: Berserk           |     1 |     1 ||     2
       Trog's Hand       |       |     1 ||     1
Armor: Ring mail         |    43 |    16 ||    59
Dodge: Dodged            |    59 |    17 ||    76

Table legend: (Time is in decaauts)
 A = Elapsed time spent in this place.
 B = Non-inter-level travel time spent in this place.
 C = Inter-level travel time spent in this place.
 D = Time resting spent in this place.
 E = Time spent auto-exploring this place.
 F = Levels seen in this place.
 G = Mean time per level.
                   A        B        C        D        E       F      G
               +--------+--------+--------+--------+--------+-----+--------+
         Total |   1671 |   1671 |      0 |    480 |    447 |   3 |  557.0 |
       Dungeon |   1671 |   1671 |      0 |    480 |    447 |   3 |  557.0 |
               +--------+--------+--------+--------+--------+-----+--------+

Top non-repeatable levels by time:
     D:1: 793 daAuts
     D:2: 636 daAuts
     D:3: 241 daAuts
